 Dungeon Crawl Stone Soup version 0.18.1-48-g4cf74bf (webtiles) character file.

137 antonio the Skirmisher (level 5, -2/51 HPs)
             Began as a Minotaur Abyssal Knight on Aug 17, 2016.
             Was a Priest of Lugonu.
             Killed by a spatial distortion (3 damage)
             ... on level 2 of the Dungeon.
             The game lasted 00:06:39 (1715 turns).

antonio the Skirmisher (Minotaur Abyssal Knight)    Turns: 1715, Time: 00:06:40

Health: -2/51      AC: 13    Str: 17    XL:     5   Next: 0%
Magic:  5/5        EV:  7    Int:  9    God:    Lugonu [***...]
Gold:   80         SH:  0    Dex: 10    Spells: 0 memorised, 4 levels left

rFire  . . .     SeeInvis .     o - +0 war axe
rCold  . . .     Gourm    .     j - +0 chain mail
rNeg   . . .     Faith    .     (no shield)
rPois  .         Spirit   .     r - +2 hat
rElec  .         Dismiss  .     q - +0 cloak
rCorr  .         Reflect  .     i - +0 pair of gloves (curse)
SustAt .         Harm     .     (no boots)
MR     .....                    (no amulet)
Stlth  ..........               (no ring)
                                (no ring)

@: lethally poisoned (-2 -> -3), not resistant to hostile enchantments,
extremely unstealthy
A: retaliatory headbutt, horns 2
a: Depart the Abyss, Bend Space, Banish, Renounce Religion


You were on level 2 of the Dungeon.
You worshipped Lugonu.
Lugonu was most pleased with you.
You were not hungry.

You visited 1 branch of the dungeon, and saw 3 of its levels.
You visited the Abyss 1 time.

You collected 80 gold pieces.

Inventory:

Hand Weapons
 a - a +1 hand axe
 f - a +1 dagger of speed
 o - a +0 war axe (weapon)
Armour
 b - a +0 leather armour
 i - a cursed +0 pair of gloves (worn)
 j - a +0 chain mail (worn)
 q - a +0 cloak (worn)
 r - a +2 hat (worn)
Scrolls
 h - a scroll of enchant armour {unknown}
 m - 3 scrolls of identify {unknown}
 n - a scroll of remove curse {unknown}
Potions
 e - a potion of might {unknown}
 g - 3 potions of curing {unknown}
 k - a potion of cancellation {unknown}
 p - a potion of lignification {unknown}
Comestibles
 c - a bread ration
 d - 3 chunks of flesh
 l - a meat ration
 s - a beef jerky


   Skills:
 * Level 6.8 Fighting
 - Level 2.4 Axes
 - Level 2.4 Armour
 - Level 1.1 Dodging
 - Level 0.5 Stealth
 - Level 1.7 Invocations


You had 4 spell levels left.
You didn't know any spells.

Dungeon Overview and Level Annotations

Branches:
Dungeon (3/15)

Altars:


Innate Abilities, Weirdness & Mutations

You reflexively headbutt those who attack you in melee.
You have a pair of horns on your head.


Message History

You hear some strange, mumbled words.
A puff of frost appears from out of thin air!
The puff of frost hits you!
You feel sick.
You feel sick.
You hear some strange, mumbled words.
A puff of flame appears from out of thin air!
The puff of flame hits you!
* * * LOW HITPOINT WARNING * * *
* * * LOW HITPOINT WARNING * * *
You feel sick. Something hits you but does no damage.
* * * LOW HITPOINT WARNING * * *
You feel sick.
There is an escape hatch in the ceiling here.
Something hits you but does no damage. A mysterious force pulls you upwards.
The hatch slams shut behind you.
* * * LOW HITPOINT WARNING * * *
You feel sick. Space bends around you!
You blink.
You die...

#.# #.#
#.....#......##
###.####.#
#####.#.#.##.##
#........#
#.#.#......
##########
#.#.##...##
#.#..'...# #.####...#
#########........#
#....ยง..#........#
#.@..{...........#
####.......##.......#
#......<...##.......#
#.##.......##########
#.###.###.##
#.........#
###.......# #.......#
#.......#


There were no monsters in sight!

Vanquished Creatures
  4 adders
  3 oozes
  An adder zombie (D:3)
  A worm (D:2)
  2 dart slugs (D:1)
  A giant gecko (D:3)
  3 orcs (D:3)
  5 bats
  5 giant cockroaches
  9 goblins
  8 hobgoblins
  5 jackals (D:1)
  A ball python (D:1)
  A giant newt (D:1)
  12 kobolds
  9 rats
70 creatures vanquished.

Notes
Turn   | Place    | Note
--------------------------------------------------------------
     0 | Abyss:1  | antonio the Minotaur Abyssal Knight began the quest for the Orb.
     0 | Abyss:1  | Reached XP level 1. HP: 19/19 MP: 1/1
    10 | D:1      | Escaped the Abyss
    43 | D:1      | Reached skill level 4 in Fighting
    61 | D:1      | Reached XP level 2. HP: 20/27 MP: 2/2
   263 | D:1      | Reached ** piety under Lugonu
   366 | D:1      | Reached skill level 5 in Fighting
   407 | D:1      | Reached XP level 3. HP: 36/36 MP: 3/3
  1027 | D:2      | Reached XP level 4. HP: 44/44 MP: 4/4
  1069 | D:2      | Reached skill level 6 in Fighting
  1179 | D:2      | Reached *** piety under Lugonu
  1697 | D:3      | Reached XP level 5. HP: 29/51 MP: 5/5
  1708 | D:3      | HP: 2/51 [poisoned by an orc]
  1714 | D:2      | HP: 1/51 [poisoned by an orc]
  1715 | D:2      | Killed by a spatial distortion

Skill      XL: |  1  2  3  4 |
---------------+-------------+-----
Fighting       | 4 5 6 |  6.8
Axes           | |  2.4
Armour         | |  2.4
Dodging        | |  1.1
Stealth        | |  0.5
Invocations    | |  1.7

Action                   |  1- 3 |  4- 6 || total
-------------------------+-------+-------++-------
Melee: Hand axe          |   105 |    15 ||   120
       Headbutt          |    19 |    13 ||    32
       War axe           |       |    27 ||    27
       Dagger            |       |    24 ||    24
  Eat: Chunk             |       |     3 ||     3
Armor: Leather armour    |    31 |       ||    31
       Chain mail        |    29 |    48 ||    77
Dodge: Dodged            |    51 |    22 ||    73
